 Dungeon Crawl Stone Soup version 0.28.0-53-g5a82cb258f (webtiles) character file.

Game seed: 766179376551275918

141769 Infinimo the Eclecticist (level 17, -16/131 HPs)
             Began as a Djinni Earth Elementalist on June 10, 2022.
             Was the Champion of Makhleb.
             Demolished by a bunyip (21 damage)
             ... called by a spriggan druid
             ... on level 2 of the Swamp.
             The game lasted 00:51:16 (31023 turns).

Infinimo the Eclecticist (DjEE)                    Turns: 31023, Time: 00:51:16

Health: -16/131    AC:  4    Str:  7    XL:     17   Next: 95%
Gold:   1928       EV: 11    Int: 32    God:    Makhleb [******] SH: 16 Dex: 15

rFire   + + +      SeeInvis .   D - +5 flail of Cadat {elec, rC+}
rCold   + . .      Faith    .   U - +2 kite shield {rF+}
rNeg    + + .      Spirit   .   V - +0 troll leather armour
rPois   ∞          Reflect  .   I - +2 hat {Int+3}
rElec   .          Harm     .   u - +0 cloak
rCorr   .          Rampage  .   R - +0 pair of gloves "Kiesyu" {rN++ MP+9}
Will    .....                   (boots unavailable)
Stlth   +++.......              v - amulet of regeneration
HPRegen 1.91/turn               J - ring "Safrik" {Wiz Int+5}
MPRegen 0.00/turn               S - ring "Neriaxt" {Wiz rPois rC+ Will- Stlth+}

@: corroded, flying
A: sickness immunity, fire resistance 2, cold vulnerability 1, float, innate
caster, HP casting, extra vitality 1
a: Renounce Religion, Minor Destruction, Lesser Servant of Makhleb, Major
Destruction, Greater Servant of Makhleb


You were on level 2 of the Swamp.
You worshipped Makhleb.
Makhleb was exalted by your worship.
You visited 4 branches of the dungeon, and saw 25 of its levels.
You visited 1 bazaar.
You also visited: Sewer and Gauntlet.

You collected 3185 gold pieces.
You spent 1257 gold pieces at shops.

Inventory:

Hand Weapons
 D - the +5 flail of Cadat (weapon) {elec, rC+}
   (You found it on level 9 of the Dungeon)

   It occasionally discharges a powerful burst of electricity upon striking a
   foe.
   rC:        It protects you from cold.
Missiles
 o - 508 stones
 q - 3 throwing nets
Armour
 u - a +0 cloak (worn)
 E - a +0 kite shield of reflection
 I - a +2 hat of intelligence (worn)
 R - the +0 pair of gloves "Kiesyu" (worn) {rN++ MP+9}
   (You found it in a Gauntlet)

   rN:        It greatly protects you from negative energy.
   MP:        It affects your magic capacity (+9).
 U - a +2 kite shield of fire resistance (worn)
 V - a +0 troll leather armour (worn)
Jewellery
 v - an amulet of regeneration (around neck)
 J - the ring "Safrik" (left hand) {Wiz Int+5}
   (You found it in a Gauntlet)

   [ring of wizardry]

   It improves your spell success rate.
   Int:       It affects your intelligence (+5).
 O - a ring of resist corrosion
 S - the ring "Neriaxt" (right hand) {Wiz rPois rC+ Will- Stlth+}
   (You took it off a minotaur in a Gauntlet)

   [ring of wizardry]

   It improves your spell success rate.
   rC:        It protects you from cold.
   rPois:     It protects you from poison.
   Will:      It decreases your willpower.
   Stlth:     It makes you more stealthy.
Wands
 l - a wand of acid (5)
 m - a wand of flame (42)
 B - a wand of paralysis (19)
 C - a wand of digging (9)
 F - a wand of polymorph (24)
 K - a wand of iceblast (9)
 L - a wand of charming (10)
Scrolls
 a - 3 scrolls of enchant weapon
 c - 3 scrolls of holy word
 d - 6 scrolls of magic mapping
 h - a scroll of immolation
 n - 6 scrolls of teleportation
 p - a scroll of silence
 s - 2 scrolls of fog
 y - 4 scrolls of amnesia
 G - 3 scrolls of vulnerability
 H - 4 scrolls of identify
 Q - a scroll of torment
 X - a scroll of summoning
Potions
 b - 4 potions of lignification
 e - 7 potions of haste
 g - 10 potions of heal wounds
 i - 2 potions of invisibility
 j - 8 potions of brilliance
 k - 19 potions of curing
 r - 5 potions of attraction
 t - 2 potions of cancellation
 w - 6 potions of mutation
 z - 2 potions of resistance
 A - 4 potions of degeneration
 M - 2 potions of berserk rage
 N - 3 potions of might
 P - a potion of ambrosia {unknown}


   Skills:
 + Level 15.5 Fighting
 - Level 2.5 Dodging
 - Level 2.0 Stealth
 + Level 15.5 Shields
 * Level 17.1 Spellcasting


You had 7 spell levels left.
You knew the following spells:

 Your Spells              Type           Power      Damage    Failure   Level
a - Sandblast             Erth           100%       2d20      0%          1
b - Passwall              Tmut/Erth      79%        N/A       0%          2
c - Stone Arrow           Conj/Erth      100%       3d13      0%          3
d - Petrify               Tmut/Erth      95%        N/A       1%          4
e - Magic Dart            Conj           100%       1d8       0%          1
f - Ensorcelled Hibernat  Hex/Ice        100%       N/A       0%          2
g - Conjure Flame         Conj/Fire      95%        6-21      0%          3
h - Animate Armour        Summ/Erth      100%       N/A       1%          4
i - Silence               Hex/Air        47%        N/A       1%          5
j - Lightning Bolt        Conj/Air       47%        1d68      1%          5
k - Conjure Ball Lightni  Conj/Air       47%        3x3d16    1%          6
l - Summon Hydra          Summ           47%        N/A       1%          7
Your spell library was empty.

Dungeon Overview and Level Annotations

Branches:
Dungeon (15/15)            Temple (0/1) D:5            Lair (6/6) D:10
  Swamp (2/4) Lair:4       Spider (0/4) Lair:4        Slime (0/5) Lair:6
    Orc (2/2) D:11            Elf (0/3) Orc:2        Vaults (0/5) D:13
 Depths (0/4) D:15          Sewer (visited)         Gauntlet (visited)

Altars:
Cheibriados
Fedhas
Gozag
Hepliaklqana
Kikubaaqudgha
Makhleb
Nemelex Xobeh
Ru
Sif Muna
Trog
Vehumet
Wu Jian
Xom
Jiyva

Shops:
D:7 :   Orc:2 !:*[(

Portals:
Pandemonium: Orc:2
Trove: D:14 (give +4 storm dragon scales)

Annotations:
D:11 2 transporters, Peloso's ghost, journeyman MiFi
D:12 Azrael


Innate Abilities, Weirdness & Mutations

You are immune to sickness and miasma.
You are immune to poison.
Your flesh is very heat resistant. (rF++)
You are vulnerable to cold. (rC-)
You float through the air rather than walking.
You learn spells naturally, not from books.
Your magical power is your life essence.
You have superior vitality. (+4 MHP)


Message History

The stone arrow misses the spriggan druid.
You are hit by a branch!
A bunyip comes into view.
Casting: Stone Arrow (safe; 0% risk of failure)
Confirm with . or Enter, or press ? or * to list all spells.
Aiming: Stone Arrow (safe; 0% risk of failure)
Press: ? - help, Shift-Dir - straight line, f/p - spriggan druid
Aim: a spriggan druid, wielding a +0 quarterstaff and wearing a +0 robe (55% to hit)
The stone arrow hits the spriggan druid!!
The spriggan druid is heavily wounded.
The forest calms down.
You block the spriggan druid's attack. The goliath frog hits you from afar!
You are splashed with acid!
Casting: Stone Arrow (safe; 0% risk of failure)
Confirm with . or Enter, or press ? or * to list all spells.
Aiming: Stone Arrow (safe; 0% risk of failure)
Press: ? - help, Shift-Dir - straight line, f/p - spriggan druid
Aim: a spriggan druid, wielding a +0 quarterstaff and wearing a +0 robe (heavily wounded, 55% to hit)
The stone arrow hits the spriggan druid!
The spriggan druid is severely wounded.
You block the spriggan druid's attack. The goliath frog hits you from afar!!
The acid corrodes you!
You are splashed with acid!
As you read the scroll of teleportation, it crumbles to dust.
You feel strangely unstable. The goliath frog misses you.
The bunyip claws you!!!
* * * LOW HITPOINT WARNING * * *
You block the bunyip's attack. The bunyip claws you.
* * * LOW HITPOINT WARNING * * *
You block the spriggan druid's attack.
The spriggan druid gestures at you while chanting.
The stone arrow misses you. You block the goliath frog's attack.
The spriggan druid calls out to the beasts of the wild!
A swamp worm and a tyrant leech come into view.
Your surroundings seem slightly different.
The tyrant leech moves out of view.
The swamp worm fires a harpoon shot at you.
You block the harpoon shot. The bunyip closely misses you.
The bunyip claws you!!
* * * LOW HITPOINT WARNING * * *
The bunyip claws you!!
You die...

♣.≈≈...≈≈≈.....♣♣♣♣♣≈.♣♣ ♣♣♣♣♣
♣♣...≈≈.>..♣♣♣....♣♣♣§.♣♣♣....
♣..≈≈≈....♣♣♣.≈≈..♣♣♣≈♣♣≈≈≈≈§
♣≈.≈§≈....≈≈♣♣♣≈≈≈........≈≈≈§
...≈≈.♣♣.≈...≈.♣♣...≈≈≈≈....≈≈≈
≈.≈≈≈.≈♣♣♣♣♣..♣♣≈...≈≈≈≈..♣♣≈§≈
≈≈≈≈≈$..♣♣.≈...♣...§≈≈≈.≈≈§≈.≈≈
≈≈.[≈≈≈.♣.≈.?≈<♣[..≈≈≈≈.♣♣♣♣.†≈
.<.≈≈≈≈.≈≈.≈x@♣♣≈.≈....♣ ♣≈.<
....≈≈≈≈..F†i♣♣♣.≈...≈♣♣ ♣♣♣≈
.≈≈≈≈≈§≈≈§.w♣♣♣≈..≈≈≈..≈≈♣♣ ♣♣
..≈≈≈≈≈≈≈≈.♣≈§.≈≈.≈≈≈..≈≈.♣♣
w......≈§...≈≈.≈≈≈≈....≈≈.(♣
....♣...≈≈.≈≈≈.≈≈≈..≈.≈≈≈≈.♣♣♣
....§.§≈≈...≈..≈≈≈≈≈..≈≈≈≈≈.≈♣
.....≈♣♣...≈.≈..≈≈≈≈.≈≈≈≈≈≈.≈♣
≈≈≈≈≈. ♣.≈♣♣≈...≈≈≈t.≈.≈†≈...♣


You could see a bunyip, a spriggan druid, a goliath frog and a swamp worm.

Vanquished Creatures
  Jorgrun (D:12)
  Gastronok (Lair:1)
  A sphinx (D:14)
  A shadow dragon (D:14)
  Donald (Orc:2)
  An orc warlord (Orc:2)
  A fire giant (D:14)
  An eleionoma (Lair:4)
  A spark wasp (Orc:2)
  A minotaur (Gauntlet)
  2 bunyips (Swamp:2)
  Josephine (Orc:2)
  3 fire dragons
  A great orb of eyes (D:14)
  Erolcha (D:11)
  14 hydras
  3 demonspawn (Orc:2)
  6 boulder beetles
  6 two-headed ogres
  4 catoblepae
  A death knight (D:13)
  3 tengu warriors
  2 alligators (Swamp:1)
  6 centaur warriors
  6 death yaks (Lair:5)
  6 orc high priests
  5 spriggans (Swamp:1)
  2 sun demons (Orc:2)
  A fire crab (Lair:4)
  6 skeletal warriors
  2 goliath frogs (Swamp:2)
  A steelbarb worm (shapeshifter) (D:14)
  An obsidian statue (Gauntlet)
  A swamp dragon (Lair:5)
  A bog body (Swamp:2)
  A deep elf archer (D:13)
  A wizard (D:14)
  4 deep elf pyromancers
  10 orc knights
  A necromancer (D:15)
  A wolf spider (D:15)
  An oklob plant (Lair:3)
  11 ugly things
  2 harpies (shapeshifter) (D:14)
  A cyclops (shapeshifter) (D:15)
  The ghost of glosham the Magician, a novice DjCA of Ignis (D:5)
  3 cyclopes
  2 will-o-the-wisps
  8 manticores
  9 orc sorcerers
  16 elephants
  7 black mambas
  2 naga magi (D:15)
  The ghost of Infinimo the Cudgeller, a novice MiBe of Trog (D:8)
  A guardian serpent (shapeshifter) (D:14)
  22 cane toads
  3 torpor snails
  2 unseen horrors
  2 gargoyles
  3 freezing wraiths (D:13)
  12 komodo dragons
  2 efreet
  A hellwing (Orc:2)
  A rime drake (Lair:4)
  2 tengu conjurers
  5 trolls
  6 polar bears
  A queen bee (Gauntlet)
  7 tyrant leeches
  6 hornets
  14 blink frogs
  2 dream sheep (Lair:6)
  5 slime creatures (D:14)
  A centaur simulacrum (D:15)
  3 shadows
  A spriggan (shapeshifter) (D:14)
  A vampire (D:11)
  4 wyverns
  7 wraiths
  36 yaks
  A hog (shapeshifter) (D:14)
  2 redbacks (Lair:4)
  5 fire elementals (D:12)
  A human (shapeshifter) (D:15)
  Grum (Lair:1)
  10 basilisks
  22 vampire mosquitoes
  Menkaure (D:6)
  3 steam dragons
  5 wargs
  A harpy simulacrum (D:15)
  2 acid dragons
  19 water moccasins
  8 swamp worms
  3 hell hounds (D:12)
  A hornet zombie (D:5)
  2 ice beasts
  31 orc warriors
  A necrophage (D:4)
  6 ogres
  A black bear (D:7)
  11 wolves
  5 boggarts
  14 centaurs
  5 kobold brigands
  Blork the orc (D:5)
  2 gnoll sergeants (D:10)
  14 bullfrogs
  A scorpion (D:7)
  2 wyvern zombies
  A hornet simulacrum (D:14)
  10 killer bees
  14 wights
  2 electric eels (Lair:6)
  2 howler monkeys
  A crimson imp (D:3)
  A jelly (D:6)
  22 orc priests
  Crazy Yiuf (D:6)
  7 centaur zombies
  A hound (D:5)
  2 centaur skeletons
  A gnoll shaman (D:7)
  An iguana (D:6)
  Ijyb (D:3)
  20 orc wizards
  4 hell rats
  2 killer bee zombies
  A hound skeleton (D:5)
  18 gnolls
  A howler monkey skeleton (D:6)
  5 adders
  2 river rats
  An adder skeleton (D:5)
  4 worms
  2 dart slugs
  62 orcs
  8 ball pythons
  4 bats
  6 endoplasms
  8 giant cockroaches
  14 goblins
  2 hobgoblins
  A jackal (Sewer)
  9 kobolds
  5 quokkas
  3 frilled lizards
  13 rats
770 creatures vanquished.

Vanquished Creatures (collateral kills)
  An eleionoma (Swamp:1)
  A vampire mosquito (Swamp:1)
  A swamp worm (Swamp:1)
  A swamp drake (Swamp:1)
  10 ball lightnings (Orc:2)
14 creatures vanquished.

Vanquished Creatures (others)
  61 ball lightnings
  4 demonic plants (Gauntlet)
  4 foxfires (Lair:6)
  28 fungi
  97 plants
194 creatures vanquished.

Grand Total: 978 creatures vanquished

Notes
Turn   | Place    | Note
-------+----------+-------------------------------------------
     0 | D:1      | Infinimo the Djinni Earth Elementalist began the quest for
                  | the Orb.
     0 | D:1      | Reached XP level 1. HP: 15/15 MP: 0/0
   132 | D:1      | Reached XP level 2. HP: 20/21 MP: 0/0
   502 | D:1      | Reached XP level 3. HP: 23/26 MP: 0/0
   502 | D:1      | Learned a level 1 spell: Magic Dart
  1376 | D:2      | Reached skill level 1 in Fighting
  1376 | D:2      | Reached skill level 1 in Shields
  1376 | D:2      | Reached XP level 4. HP: 14/32 MP: 0/0
  1580 | D:2      | Reached skill level 3 in Spellcasting
  1781 | D:2      | Found a sacrificial altar of Ru.
  2136 | D:2      | Found a faded altar of an unknown god.
  2432 | D:3      | Reached XP level 5. HP: 36/37 MP: 0/0
  2432 | D:3      | Learned a level 2 spell: Ensorcelled Hibernation
  2675 | D:3      | Found a glowing drain.
  2700 | Sewer    | Entered a sewer
  2820 | Sewer    | Noticed a kobold brigand
  2822 | Sewer    | Noticed a kobold brigand
  2841 | Sewer    | Killed a kobold brigand
  2842 | Sewer    | Reached XP level 6. HP: 32/43 MP: 0/0
  2851 | Sewer    | Reached skill level 4 in Spellcasting
  2991 | Sewer    | Found a white marble altar of Elyvilon.
  3105 | D:3      | Noticed Ijyb
  3117 | D:3      | Killed Ijyb
  4077 | D:3      | Found a burning altar of Makhleb.
  4094 | D:3      | Became a worshipper of Makhleb the Destroyer
  4744 | D:4      | Reached XP level 7. HP: 46/49 MP: 0/0
  4744 | D:4      | Learned a level 3 spell: Conjure Flame
  5440 | D:4      | Found an ornate altar of the Wu Jian Council.
  5440 | D:4      | Found a snail-covered altar of Cheibriados.
  5441 | D:4      | Found a bloodstained altar of Trog.
  5653 | D:5      | Entered Level 5 of the Dungeon
  6047 | D:5      | Found a runed translucent door.
  6051 | D:5      | Noticed glosham's ghost (novice DjCA)
  6117 | D:5      | Noticed Blork the orc
  6127 | D:5      | Killed Blork the orc
  6128 | D:5      | Reached skill level 5 in Spellcasting
  6128 | D:5      | Reached XP level 8. HP: 6/57 MP: 0/0
  6969 | D:5      | Found a staircase to the Ecumenical Temple.
  7328 | D:5      | Killed glosham's ghost
  7329 | D:5      | Reached skill level 6 in Spellcasting
  7329 | D:5      | Reached XP level 9. HP: 44/64 MP: 0/0
  7329 | D:5      | Learned a level 4 spell: Animate Armour
  7502 | D:6      | Reached skill level 5 in Shields
  7506 | D:6      | Noticed Menkaure
  7508 | D:6      | Killed Menkaure
  7509 | D:6      | Reached skill level 5 in Fighting
  7649 | D:6      | Noticed a two-headed ogre
  7656 | D:6      | Killed a two-headed ogre
  7657 | D:6      | Reached skill level 7 in Spellcasting
  8092 | D:6      | Found a runed translucent door.
  8093 | D:6      | Noticed Crazy Yiuf
  8174 | D:6      | Reached * piety under Makhleb
  8540 | D:6      | Killed Crazy Yiuf
  8840 | D:7      | Reached XP level 10. HP: 63/72 MP: 0/0
  8953 | D:7      | Found an opulent altar of Gozag.
  9222 | D:7      | Found Gucesaash's Book Boutique.
  9767 | D:8      | Reached skill level 8 in Spellcasting
 10056 | D:8      | Reached ** piety under Makhleb
 10330 | D:8      | Found a transporter.
 10330 | D:8      | Noticed Infinimo's ghost (novice MiBe)
 10335 | D:8      | Found a transporter.
 11236 | D:8      | Killed Infinimo's ghost
 11398 | D:8      | Reached XP level 11. HP: 50/79 MP: 0/0
 11398 | D:8      | Learned a level 5 spell: Silence
 11500 | D:9      | Reached skill level 9 in Spellcasting
 11798 | D:9      | Noticed a two-headed ogre
 11804 | D:9      | Killed a two-headed ogre
 11833 | D:9      | Identified the +5 flail of Cadat {elec, rC+}
 12196 | D:10     | Entered Level 10 of the Dungeon
 12280 | D:10     | Found a staircase to the Lair.
 12401 | D:10     | Found a sparkling altar of Nemelex Xobeh.
 12457 | D:10     | Reached *** piety under Makhleb
 12835 | D:10     | Reached skill level 10 in Spellcasting
 13010 | Lair:1   | Entered Level 1 of the Lair of Beasts
 13010 | Lair:1   | Noticed a four-headed hydra
 13014 | Lair:1   | Killed a four-headed hydra
 13194 | Lair:1   | Noticed Grum
 13208 | Lair:1   | Reached XP level 12. HP: 65/89 MP: 0/0
 13210 | Lair:1   | Killed Grum
 13289 | Lair:1   | Reached **** piety under Makhleb
 13345 | Lair:1   | Noticed Gastronok
 13544 | Lair:1   | Killed Gastronok
 13718 | Lair:1   | Reached skill level 11 in Spellcasting
 14323 | Lair:2   | Reached skill level 10 in Shields
 14365 | Lair:2   | Reached skill level 10 in Fighting
 14734 | Lair:2   | Noticed a six-headed hydra
 14738 | Lair:2   | Killed a six-headed hydra
 14739 | Lair:2   | Reached XP level 13. HP: 90/96 MP: 0/0
 14739 | Lair:2   | Learned a level 5 spell: Lightning Bolt
 15421 | Lair:3   | Reached skill level 12 in Spellcasting
 15606 | Lair:3   | Identified the +0 leather armour "Likkual" {rC+}
 16307 | Lair:4   | Noticed an eight-headed hydra
 16340 | Lair:4   | Killed an eight-headed hydra
 16404 | Lair:4   | Noticed a seven-headed hydra
 16406 | Lair:4   | Noticed an eight-headed hydra
 16407 | Lair:4   | Noticed a catoblepas
 16408 | Lair:4   | Killed a seven-headed hydra
 16417 | Lair:4   | Killed an eight-headed hydra
 16423 | Lair:4   | Killed a catoblepas
 16426 | Lair:4   | HP: 4/99 [rime drake/flash freeze (14)]
 16548 | Lair:4   | Found a staircase to the Swamp.
 16560 | Lair:4   | Reached ***** piety under Makhleb
 16704 | Lair:4   | Found a hole to the Spider Nest.
 16793 | Lair:4   | Found a frozen archway.
 17254 | Lair:5   | Reached XP level 14. HP: 96/105 MP: 0/0
 17360 | Lair:5   | Reached skill level 13 in Spellcasting
 18122 | Lair:6   | Entered Level 6 of the Lair of Beasts
 18744 | Lair:6   | Identified a scroll of acquirement
 18744 | Lair:6   | Acquired 1078 gold pieces
 18911 | Lair:6   | Reached ****** piety under Makhleb
 18926 | Lair:6   | Found a staircase to the Slime Pits.
 18928 | Lair:6   | Found a viscous altar of Jiyva.
 19385 | Lair:5   | Reached skill level 14 in Spellcasting
 19545 | Lair:6   | Reached XP level 15. HP: 107/113 MP: 0/0
 19545 | Lair:6   | Learned a level 6 spell: Conjure Ball Lightning
 20233 | D:11     | Found a staircase to the Orcish Mines.
 20348 | D:11     | Noticed Peloso's ghost (journeyman MiFi)
 20355 | D:11     | Found a transporter.
 20364 | D:11     | Found a transporter.
 20395 | D:11     | Noticed Erolcha
 20403 | D:11     | Killed Erolcha
 20907 | D:12     | Noticed Jorgrun
 20918 | D:12     | Killed Jorgrun
 21085 | D:12     | Identified the +3 ring mail "Fustar" {Rampage rPois Will+}
 21105 | D:12     | Found a gate leading to a gauntlet.
 21130 | Gauntlet | Entered a Gauntlet
 21130 | Gauntlet | Found a transporter.
 21147 | Gauntlet | Found a transporter.
 21149 | Gauntlet | Found a transporter.
 21160 | Gauntlet | Found a transporter.
 21163 | Gauntlet | Found a transporter.
 21171 | Gauntlet | Found a transporter.
 21192 | Gauntlet | Found a transporter.
 21203 | Gauntlet | Found a transporter.
 21215 | Gauntlet | Found a transporter.
 21237 | Gauntlet | Found a transporter.
 21248 | Gauntlet | Found a runed translucent gate.
 21249 | Gauntlet | Found a runed translucent gate.
 21249 | Gauntlet | Found a transporter.
 21249 | Gauntlet | Found a transporter.
 21250 | Gauntlet | Found a runed translucent gate.
 21298 | Gauntlet | Found a transporter.
 21312 | Gauntlet | Found a transporter.
 21505 | Gauntlet | Identified the ring "Safrik" {Wiz Int+5}
 21533 | Gauntlet | Identified the +0 pair of gloves "Kiesyu" {rN++ MP+9}
 21560 | Gauntlet | Identified the ring "Neriaxt" {Wiz rPois rC+ Will- Stlth+}
 21876 | D:12     | Noticed Azrael
 22002 | D:12     | Found a flickering gateway to a bazaar.
 22010 | Bazaar   | Entered a bazaar
 22010 | Bazaar   | Found Niux's Armour Shoppe.
 22010 | Bazaar   | Found Guw Eryng's Weapon Shoppe.
 22010 | Bazaar   | Found Tautiv's Magic Scroll Emporium.
 22010 | Bazaar   | Found Hehu's Distillery.
 22010 | Bazaar   | Found Juke Egi's Distillery.
 22036 | Bazaar   | Bought a potion of haste for 130 gold pieces
 22036 | Bazaar   | Bought a potion of curing for 39 gold pieces
 22036 | Bazaar   | Bought a potion of mutation for 104 gold pieces
 22038 | Bazaar   | Bought a scroll of teleportation for 30 gold pieces
 22038 | Bazaar   | Bought a scroll of blinking for 75 gold pieces
 22038 | Bazaar   | Bought a scroll of blinking for 75 gold pieces
 22038 | Bazaar   | Bought a scroll of teleportation for 30 gold pieces
 22038 | Bazaar   | Bought a scroll of teleportation for 30 gold pieces
 22038 | Bazaar   | Bought a scroll of magic mapping for 35 gold pieces
 22046 | Bazaar   | Bought 2 potions of heal wounds for 90 gold pieces
 22046 | Bazaar   | Bought 2 potions of haste for 180 gold pieces
 22046 | Bazaar   | Bought a potion of haste for 90 gold pieces
 22046 | Bazaar   | Bought a potion of mutation for 72 gold pieces
 22046 | Bazaar   | Bought 2 potions of heal wounds for 90 gold pieces
 22954 | D:13     | Found a gate to the Vaults.
 23020 | D:13     | Reached skill level 15 in Spellcasting
 23781 | D:14     | Found a portal to a secret trove of treasure.
 23863 | D:13     | Reached XP level 16. HP: 99/122 MP: 0/0
 24930 | D:14     | Noticed a fire giant
 24938 | D:14     | Killed a fire giant
 25023 | D:14     | Found the +9 staff of Wucad Mu {*channel}
 25072 | D:14     | Identified the +8 dagger of Vojejita {drain, rF+}
 25435 | D:14     | Identified the +2 leather armour of Xigezig {rElec rPois
                  | Stlth+}
 25722 | D:14     | Noticed a sphinx
 25722 | D:14     | Noticed a shadow dragon
 25727 | D:14     | Killed a sphinx
 25741 | D:14     | Killed a shadow dragon
 26148 | Orc:1    | Entered Level 1 of the Orcish Mines
 26375 | Orc:1    | Reached skill level 16 in Spellcasting
 26686 | Orc:2    | Entered Level 2 of the Orcish Mines
 26690 | Orc:2    | Found a staircase to the Elven Halls.
 26741 | Orc:2    | Noticed Donald
 26751 | Orc:2    | Killed Donald
 27032 | Orc:2    | Found Ywaacyo's Distillery.
 27097 | Orc:2    | Found Zeapp's General Store.
 27188 | Orc:2    | HP: 2/124 [spore (27)]
 27265 | Orc:2    | Bought a potion of curing for 51 gold pieces
 27265 | Orc:2    | Bought a potion of curing for 51 gold pieces
 27265 | Orc:2    | Bought a potion of heal wounds for 85 gold pieces
 27544 | Orc:2    | Reached XP level 17. HP: 115/130 MP: 0/0
 27544 | Orc:2    | Learned a level 7 spell: Summon Hydra
 27654 | Orc:2    | Found Yrautt's Weapon Shop.
 27812 | Orc:2    | Noticed Josephine
 27816 | Orc:2    | Killed Josephine
 27946 | Orc:2    | HP: 5/130 [sun demon (24)]
 28310 | Orc:2    | Paralysed by an orc sorcerer for 6 turns
 28451 | Orc:2    | Found Jiruuwn's Antique Armour Emporium.
 28451 | Orc:2    | Found Verobes's Book Shoppe.
 28452 | Orc:2    | Found a one-way gate leading to the halls of Pandemonium.
 28635 | D:15     | Entered Level 15 of the Dungeon
 28639 | D:15     | Reached skill level 15 in Shields
 28657 | D:14     | Reached skill level 15 in Fighting
 29223 | D:15     | Identified the +10 hand axe "Egalopni" {flame, Int+6
                  | Stlth+}
 29248 | D:15     | Found a shadowy altar of Dithmenos.
 29251 | D:15     | Found a hazy altar of Hepliaklqana.
 29251 | D:15     | Found a shimmering altar of Xom.
 29253 | D:15     | Found an opulent altar of Gozag.
 29253 | D:15     | Found a blossoming altar of Fedhas.
 29896 | D:15     | Found a staircase to the Depths.
 30086 | Swamp:1  | Entered Level 1 of the Swamp
 30563 | Swamp:1  | Reached skill level 17 in Spellcasting
 31023 | Swamp:2  | HP: 5/131 [bunyip[a spriggan druid] (23)]
 31023 | Swamp:2  | Demolished by a bunyip

Illustrated notes

Levels and vault maps discovered:
D:1:      grunt_arrival_lava_bath, layout_basic
D:2:      layout_rooms, basic_altar, hellmonk_ecumenical_altar_run_dry
D:3:      layout_basic, grunt_temple_overflow_lords_of_destruction,
          portal_sewer_entry_e, uniq_ijyb
D:4:      layout_basic, gammafunk_temple_overflow_claw, hangedman_decor_lopped
D:5:      layout_gridville, minmay_temple_entry_fiery, ebering_ghost_sewer_d,
          uniq_blork_the_orc
D:6:      layout_loops_ring, mainiacjoe_overflow_six_doors_small, uniq_menkaure,
          uniq_crazy_yiuf_cottage
D:7:      layout_basic, grunt_gozag_statues, serial_shops, kennysheep_little_box
D:8:      layout_basic, gammafunk_ghost_arena
D:9:      layout_loops_ring, grunt_ministairs_6
D:10:     layout_loops_ring, nemelex_diamond_rough_becter, lair_entry_dummy,
          nrook_uturn
D:11:     layout_basic, orc_0_dummy, nzn_ghost_randoct, uniq_erolcha
D:12:     layout_roguey, gauntlet_entry_generic, serial_shops, bzr_entry_road,
          uniq_azrael, uniq_jorgrun
D:13:     layout_loops_ring, hangedman_vaults_entry_quadrant_bands
D:14:     layout_basic, enter_trove_1, kennysheep_path_1, nicolae_rejected_hall
D:15:     grunt_enter_depths_magical_seal, layout_rooms, doesnt_xom_only_xom,
          kennysheep_orc_sif_temple
Lair:1:   layout_long_grid, serial_forest, infiniplex_forest_straight_2,
          infiniplex_forest_end_2, infiniplex_forest_straight_4,
          infiniplex_forest_clump_tiny, infiniplex_forest_clump_medium,
          infiniplex_forest_straight_3, infiniplex_forest_lined_2,
          infiniplex_forest_clump_diagonal, infiniplex_forest_lined_corner,
          infiniplex_forest_join, uniq_grum, uniq_gastronok
Lair:2:   layout_chaotic_city
Lair:3:   layout_misc_corridors
Lair:4:   layout_cave_shapes, swamp_mist, spider_nest_entry_webs,
          portal_ice_cave_entry_pillars_1, nzn_random_ring, grunt_megastairs_2
Lair:5:   layout_gridlike, grunt_megastairs_3
Lair:6:   minmay_lair_end_frog_pond, layout_gridlike, slime_altar_1, pond
Swamp:1:  layout_falls_marsh, evilmike_swamp_ruin_house_1
Swamp:2:  layout_basic_swamp, nicolae_swamp_triple_paths,
          nicolae_swamp_spooky_pond, infiniplex_staircase_pool
Orc:1:    layout_caves, guppyfry_orc_lava_fort
Orc:2:    pf_orc_diabolical, layout_diamond_mine, serial_shops, shop,
          uniq_donald, uniq_josephine

Skill      XL: |  1  2  3  4  5  6  7  8  9 10 11 12 13 14 15 16 17 |
---------------+----------------------------------------------------+-----
Stealth        | 2 |  2.0
Fighting       | 1 2 3 4 6 7 9 10 11 12 13 14 15 | 15.5
Shields        | 1 2 3 4 6 7 9 10 11 12 13 14 15 | 15.5
Spellcasting   | 3 4 5 6 7 8 10 11 12 14 15 16 17 | 17.1
Dodging        | |  2.5

Action                   |  1- 3 |  4- 6 |  7- 9 | 10-12 | 13-15 | 16-18 || total
-------------------------+-------+-------+-------+-------+-------+-------++-------
Melee: Unarmed           |     1 |       |     1 |       |       |       ||     2
       Flail             |       |       |       |     5 |     7 |     5 ||    17
 Cast: Sandblast         |    24 |    75 |       |       |       |       ||    99
       Magic Dart        |    40 |    26 |       |       |       |       ||    66
       Stone Arrow       |       |    21 |   104 |   343 |   729 |   734 ||  1931
       Lightning Bolt    |       |       |       |       |    16 |       ||    16
       Conjure Ball Ligh |       |       |       |       |     1 |    40 ||    41
       Summon Hydra      |       |       |       |       |       |     4 ||     4
  Use: Potion            |       |       |     1 |       |     1 |     1 ||     3
       Scroll            |       |       |     8 |     8 |    15 |     9 ||    40
Armor: Robe              |     2 |     2 |     7 |     3 |       |       ||    14
       Steam dragon scal |       |       |       |    17 |    90 |    11 ||   118
       Troll leather arm |       |       |       |       |       |    71 ||    71
Dodge: Dodged            |     4 |    14 |    18 |    71 |   233 |   151 ||   491
Block: Buckler           |     1 |     5 |     7 |    39 |   132 |       ||   184
       Kite shield       |       |       |       |       |    78 |   306 ||   384
